 Dungeon Crawl Stone Soup version 0.24.1-14-gf8d2b509d9 (console) character file.

Game seed: 13227324246277408175, levelgen mode: deterministic

4581 Kagalorn the Magician (level 10, 0/79 HPs)
             Began as a Gnoll Wanderer on Nov 23, 2022.
             Was an Initiate of Ashenzari.
             Slain by a two-headed ogre
             ... wielding a +0 giant club
              (20 damage)
             ... on level 9 of the Dungeon.
             The game lasted 00:25:15 (10882 turns).

Kagalorn the Magician (Gnoll Wanderer)             Turns: 10882, Time: 00:25:16

Health: 0/79       AC: 10    Str: 15    XL:     10   Next: 41%
Magic:  16/20      EV: 13    Int: 17    God:    Ashenzari [......]
Gold:   464        SH:  5    Dex: 15    Spells: 13/23 levels left

rFire    . . .     SeeInvis +   a - +1 flail (crush)
rCold    . . .     Gourm    .   r - +0 buckler of Famp {rN+ Slay+3 SInv} (curse)
rNeg     + . .     Faith    .   m - +0 ring mail (curse)
rPois    .         Spirit   .   p - +1 helmet (curse)
rElec    .         Reflect  .   k - +0 cloak
rCorr    .         Harm     .   G - +0 pair of gloves
MR       .....                  (no boots)
Stlth    +++.......             (no amulet)
HPRegen  0.23/turn              s - ring of see invisible
MPRegen  0.17/turn              d - ring of wizardry (curse)

@: no status effects
A: distributed training, fangs 1, strong nose
a: Curse Item, Renounce Religion


You were on level 9 of the Dungeon.
You worshipped Ashenzari.
Ashenzari was noncommittal.
You were not hungry.

You visited 2 branches of the dungeon, and saw 10 of its levels.

You collected 464 gold pieces.

Inventory:

Hand Weapons
 a - a +1 flail of crushing (weapon)
 b - a +2 whip of electrocution
 x - a +0 short sword
 B - a +0 battleaxe
 H - a +2 falchion of slicing
Missiles
 c - 24 poisoned darts (quivered)
 e - 169 arrows
 g - 39 bolts
 i - 64 sling bullets
 j - 255 stones
 t - 5 silver boomerangs
 z - 2 boomerangs
 J - 2 boomerangs of dispersal
 Q - 3 curare-tipped darts
Armour
 k - a +0 cloak (worn)
 m - a cursed +0 ring mail (worn)
 n - a +0 shield
 p - a cursed +1 helmet (worn)
 r - the cursed +0 buckler of Famp (worn) {rN+ Slay+3 SInv}
   (You found it on level 6 of the Dungeon)

   It affects your accuracy and damage with ranged weapons and melee attacks
   (+3).
   It protects you from negative energy.
   It lets you see invisible.
   It has a curse placed upon it.
 G - a +0 pair of gloves (worn)
Jewellery
 d - a cursed ring of wizardry (right hand)
 s - a ring of see invisible (left hand)
 y - a +4 ring of evasion
Scrolls
 h - 8 scrolls of identify
 l - a scroll of amnesia {unknown}
 o - 5 scrolls of teleportation {unknown}
 u - a scroll of fog {unknown}
 v - 2 scrolls of fear {unknown}
 C - a scroll of noise {unknown}
 E - a scroll of holy word {unknown}
 F - 2 scrolls of vulnerability {unknown}
 L - a scroll of immolation {unknown}
 O - a scroll of enchant weapon {unknown}
 P - a scroll of remove curse
 S - a scroll of enchant armour {unknown}
Potions
 q - 3 potions of heal wounds
 w - 2 potions of brilliance
 A - 2 potions of flight
 D - 2 potions of invisibility {unknown}
 I - a potion of mutation {unknown}
 K - a potion of curing {unknown}
 M - a potion of berserk rage {unknown}
 N - a potion of magic {unknown}
 R - a potion of cancellation {unknown}
Comestibles
 f - 20 rations
 T - a chunk of flesh


   Skills:
 + Level 7.0 Fighting
 + Level 7.0 Short Blades
 + Level 5.1 Long Blades
 + Level 5.1 Axes
 + Level 5.1 Maces & Flails
 + Level 5.1 Polearms
 + Level 5.1 Staves
 + Level 5.1 Slings
 + Level 5.1 Bows
 + Level 5.1 Crossbows
 + Level 5.1 Throwing
 + Level 5.1 Armour
 + Level 5.1 Dodging
 + Level 6.7 Stealth
 + Level 5.1 Shields
 + Level 5.1 Unarmed Combat
 + Level 7.3 Spellcasting
 + Level 4.2 Conjurations
 + Level 4.2 Hexes
 + Level 4.2 Charms
 + Level 4.2 Summonings
 + Level 4.2 Necromancy
 + Level 4.2 Translocations
 + Level 4.8 Transmutations
 + Level 4.2 Fire Magic
 + Level 4.2 Ice Magic
 + Level 4.2 Air Magic
 + Level 4.2 Earth Magic
 + Level 4.2 Poison Magic
 + Level 5.6 Invocations
 + Level 5.8 Evocations


You had 13 spell levels left.
You knew the following spells:

 Your Spells              Type           Power        Failure   Level  Hunger
a - Magic Dart            Conj           ###.         1%          1    None
b - Petrify               Tmut/Erth      ###.....     13%         4    ####...
g - Mephitic Cloud        Conj/Pois/Air  ###.....     4%          3    ##.....
i - Blink                 Tloc           N/A          2%          2    None

Your spell library contained the following spells:

 Spells                   Type           Power        Failure   Level  Hunger
 Confusing Touch          Hex            ###...       1%          1    None
 Flame Tongue             Conj/Fire      ###..        1%          1    None
 Call Imp                 Summ           ###.....     2%          2    None
 Slow                     Hex            ###.....     2%          2    None
 Throw Flame              Conj/Fire      ###...       2%          2    None
 Confuse                  Hex            ###.....     4%          3    ##.....
 Conjure Flame            Conj/Fire      ###.....     4%          3    ##.....
 Gell's Gravitas          Tloc           ###.......   4%          3    ##.....
 Inner Flame              Hex/Fire       ###.....     4%          3    ##.....
 Sticky Flame             Conj/Fire      ###.....     14%         4    ####...
 Yara's Violent Unravell  Hex/Tmut       ###.......   32%         5    #####..
 Bolt of Magma            Conj/Fire/Erth ###.......   36%         5    #####..
 Borgnjor's Vile Clutch   Necr/Erth      ###.......   36%         5    #####..
 Fireball                 Conj/Fire      ###.......   36%         5    #####..
 Lee's Rapid Deconstruct  Erth           ###.......   36%         5    #####..
 Metabolic Englaciation   Hex/Ice        ###.......   36%         5    #####..


Dungeon Overview and Level Annotations

Branches:
Dungeon (9/15)             Temple (1/1) D:6            Lair (0/6) D:8
    Orc: D:9-12

Altars:
Ashenzari
Cheibriados
Dithmenos
Elyvilon
Fedhas
Gozag
Hepliaklqana
Kikubaaqudgha
Makhleb
Nemelex Xobeh
Okawaru
Qazlal
Ru
Sif Muna
Trog
Uskayaw
Vehumet
Wu Jian
Xom
Yredelemnul
Zin
The Shining One


Innate Abilities, Weirdness & Mutations

Your experience applies equally to all skills.
You have very sharp teeth.
Your uncanny sense of smell can sniff out nearby items.


Message History

Confirm with . or Enter, or press ? or * to list all spells.
You blink.
Casting: Blink (safe; 2% risk of failure)
Confirm with . or Enter, or press ? or * to list all spells.
Aiming: Mephitic Cloud (safe; 4% risk of failure)
Press: ? - help, Shift-Dir - straight line The ball explodes into a vile cloud!
The two-headed ogre is engulfed in noxious fumes.
The two-headed ogre appears confused.
The two-headed ogre ponders the situation.
You block the two-headed ogre's attack. The two-headed ogre closely misses you.
You hit the two-headed ogre. You bite the two-headed ogre.
The two-headed ogre is heavily wounded.
The two-headed ogre closely misses you. You block the two-headed ogre's attack.
You strike the helpless two-headed ogre from behind!
You hit the two-headed ogre.
The two-headed ogre is heavily wounded.
An orc comes into view. It is wielding a +0 dagger.
The two-headed ogre hits you with a +0 giant club!!
You die...

.......รท.##...####.
.................#
.........#######.#
########## #.# #.#
#.# #.# #.# #@# #O#
#o###########
#oo..oo)....#
###########.#


You could see a two-headed ogre (confused) and 3 orcs.

Vanquished Creatures
  A two-headed ogre (D:9)
  A wolf spider (D:8)
  3 hippogriffs
  A spriggan (D:7)
  A yak (D:8)
  Edmund (D:4)
  Menkaure (D:7)
  4 orc warriors
  A phantom (D:4)
  2 sky beasts (D:5)
  An ogre (D:9)
  A centaur (D:9)
  2 crocodiles (D:8)
  3 bullfrogs
  A water moccasin zombie (D:6)
  A scorpion (D:8)
  A water moccasin skeleton (D:8)
  A howler monkey (D:9)
  5 crimson imps
  A bullfrog zombie (D:8)
  4 hounds
  2 orc priests
  A jelly (D:5)
  6 orc wizards
  A bullfrog skeleton (D:8)
  An iguana (D:7)
  4 worker ants
  A hound zombie (D:5)
  Robin (D:1)
  2 worker ant zombies
  15 adders
  3 gnolls
  3 oozes
  An adder zombie (D:5)
  4 adder skeletons
  5 worms
  3 dart slugs
  4 leopard geckos
  40 orcs
  3 bats
  8 giant cockroaches
  24 goblins
  21 hobgoblins
  7 jackals
  8 kobolds
  5 quokkas
  3 ball pythons
  4 frilled lizards
  A quokka zombie (D:5)
  6 rats
224 creatures vanquished.

Vanquished Creatures (others)
  A centaur skeleton (D:9)
  An orc wizard (D:4)
2 creatures vanquished.

Grand Total: 226 creatures vanquished

Notes
Turn   | Place    | Note
-------+----------+-------------------------------------------
     0 | D:1      | Kagalorn the Gnoll Wanderer began the quest for the Orb.
     0 | D:1      | Kagalorn set off with the following items: a +0 short
                  | sword, a potion of lignification, a +0 robe, a +0 dagger, a
                  | ration; and the following spell memorised: Magic Dart; and
                  | the following spells available to memorise: Blink, Call
                  | Imp, Slow, Conjure Flame, Mephitic Cloud
     0 | D:1      | Reached XP level 1. HP: 20/20 MP: 6/6
   333 | D:1      | Reached XP level 2. HP: 25/26 MP: 2/7
  1011 | D:2      | Learned a level 2 spell: Blink
  1202 | D:2      | Reached skill level 5 in Spellcasting
  1202 | D:2      | Reached XP level 3. HP: 31/31 MP: 6/9
  1393 | D:2      | Reached skill level 1 in Invocations
  1540 | D:2      | Reached skill level 1 in Long Blades
  1540 | D:2      | Reached skill level 1 in Axes
  1540 | D:2      | Reached skill level 1 in Maces & Flails
  1540 | D:2      | Reached skill level 1 in Polearms
  1540 | D:2      | Reached skill level 1 in Staves
  1540 | D:2      | Reached skill level 1 in Slings
  1540 | D:2      | Reached skill level 1 in Bows
  1540 | D:2      | Reached skill level 1 in Crossbows
  1540 | D:2      | Reached skill level 1 in Throwing
  1540 | D:2      | Reached skill level 1 in Armour
  1540 | D:2      | Reached skill level 1 in Dodging
  1540 | D:2      | Reached skill level 1 in Shields
  1540 | D:2      | Reached skill level 1 in Unarmed Combat
  1547 | D:2      | Reached XP level 4. HP: 15/38 MP: 11/11
  1810 | D:2      | Noticed Robin
  1972 | D:1      | Killed Robin
  2025 | D:2      | Found a hide-covered altar of Uskayaw.
  2088 | D:2      | Found a faded altar of an unknown god.
  2113 | D:2      | Reached skill level 1 in Conjurations
  2113 | D:2      | Reached skill level 1 in Hexes
  2113 | D:2      | Reached skill level 1 in Charms
  2113 | D:2      | Reached skill level 1 in Summonings
  2113 | D:2      | Reached skill level 1 in Necromancy
  2113 | D:2      | Reached skill level 1 in Translocations
  2113 | D:2      | Reached skill level 1 in Fire Magic
  2113 | D:2      | Reached skill level 1 in Ice Magic
  2113 | D:2      | Reached skill level 1 in Air Magic
  2113 | D:2      | Reached skill level 1 in Earth Magic
  2113 | D:2      | Reached skill level 1 in Poison Magic
  2415 | D:3      | Reached XP level 5. HP: 43/43 MP: 12/12
  2461 | D:3      | Found a glowing golden altar of the Shining One.
  2694 | D:3      | Found a basalt altar of Yredelemnul.
  2971 | D:4      | Noticed Edmund
  3523 | D:4      | Noticed a phantom
  3589 | D:4      | Reached XP level 6. HP: 25/50 MP: 13/13
  3637 | D:4      | Killed a phantom
  3637 | D:4      | Reached skill level 5 in Fighting
  3637 | D:4      | Reached skill level 5 in Short Blades
  4298 | D:4      | Killed Edmund
  4298 | D:4      | Reached XP level 7. HP: 19/56 MP: 9/15
  5027 | D:5      | Entered Level 5 of the Dungeon
  5122 | D:5      | Reached skill level 5 in Stealth
  5754 | D:5      | Reached XP level 8. HP: 63/63 MP: 16/16
  6151 | D:6      | Found a staircase to the Ecumenical Temple.
  6477 | Temple   | Entered the Ecumenical Temple
  6677 | Temple   | Became a worshipper of Ashenzari the Shackled
  6735 | D:6      | Got the cursed buckler of Famp {rN+ Slay+3 SInv}
  6746 | D:6      | Identified the cursed +0 buckler of Famp {rN+ Slay+3 SInv}
                  | (You found it on level 6 of the Dungeon)
  6863 | D:6      | Found a stormy altar of Qazlal.
  6864 | D:6      | Found an iron altar of Okawaru.
  7797 | D:7      | Learned a level 3 spell: Mephitic Cloud
  7802 | D:7      | Learned a level 4 spell: Petrify
  8302 | D:7      | Noticed a spriggan baker
  8306 | D:7      | Killed a spriggan baker
  8306 | D:7      | Reached XP level 9. HP: 69/69 MP: 14/18
  8655 | D:7      | Noticed Menkaure
  8666 | D:7      | Killed Menkaure
  8925 | D:7      | Reached skill level 5 in Evocations
  9110 | D:8      | Noticed a wolf spider
  9126 | D:8      | Killed a wolf spider
  9126 | D:8      | Reached skill level 5 in Invocations
  9129 | D:8      | HP: 5/106 [poisoned by a wolf spider]
  9135 | D:8      | HP: 4/106 [poisoned by a wolf spider]
  9140 | D:8      | HP: 3/106 [poisoned by a wolf spider]
  9147 | D:8      | HP: 3/106 [poisoned by a wolf spider]
  9155 | D:8      | HP: 3/106 [poisoned by a wolf spider]
  9505 | D:8      | Identified Izydoxid's Compendium of Earth and Flames
  9560 | D:8      | Found a staircase to the Lair.
  9585 | D:8      | Reached XP level 10. HP: 47/77 MP: 18/20
  9956 | D:8      | Found a bloodstained altar of Trog.
  9981 | D:8      | Found a sacrificial altar of Ru.
 10108 | D:8      | Found a blossoming altar of Fedhas.
 10108 | D:8      | Found a burning altar of Makhleb.
 10424 | D:9      | Noticed a two-headed ogre
 10441 | D:9      | Killed a two-headed ogre
 10441 | D:9      | Reached skill level 5 in Long Blades
 10441 | D:9      | Reached skill level 5 in Axes
 10441 | D:9      | Reached skill level 5 in Maces & Flails
 10441 | D:9      | Reached skill level 5 in Polearms
 10441 | D:9      | Reached skill level 5 in Staves
 10441 | D:9      | Reached skill level 5 in Slings
 10441 | D:9      | Reached skill level 5 in Bows
 10441 | D:9      | Reached skill level 5 in Crossbows
 10441 | D:9      | Reached skill level 5 in Throwing
 10441 | D:9      | Reached skill level 5 in Armour
 10441 | D:9      | Reached skill level 5 in Dodging
 10441 | D:9      | Reached skill level 5 in Shields
 10441 | D:9      | Reached skill level 5 in Unarmed Combat
 10750 | D:9      | Found a glowing silver altar of Zin.
 10861 | D:9      | Noticed a two-headed ogre
 10882 | D:9      | Slain by a two-headed ogre

Levels and vault maps discovered:
D:1:      lemuel_arrival_hallway, layout_basic, kennysheep_nondescript
D:2:      layout_rooms, lemuel_crystal_altar,
          chequers_ecumenical_altar_simple_redux, uniq_robin
D:3:      layout_loops_ring, yredelemnul_altar_generic, first_ration,
          nicolae_tso_swordbearing_angel
D:4:      layout_basic, minmay_misc_feat_secret_circle, uniq_edmund
D:5:      layout_basic
D:6:      layout_rooms, gammafunk_temple_overflow_pools,
          minmay_temple_entry_offerings, chequers_serial_rivers_large_a
D:7:      corexii_shantytown, layout_basic, the_bakery, minmay_misc_feat_tower,
          st_stairs_14, uniq_menkaure
D:8:      layout_rooms, kennysheep_little_box, gammafunk_temple_overflow_wave,
          kennysheep_mini, david_lair_generic, kennysheep_just_a_vault
D:9:      layout_basic, overflow_temple_1_default, lemuel_old_faithful
Temple:   nicolae_temple_figure_eight

Skill      XL: |  1  2  3  4  5  6  7  8  9 10 |
---------------+-------------------------------+-----
Transmutations | 2 3 4 |  4.8
Spellcasting   | 5 6 7 |  7.3
Invocations    | 1 2 3 4 5 |  5.6
Long Blades    | 1 2 3 4 5 |  5.1
Axes           | 1 2 3 4 5 |  5.1
Maces & Flails | 1 2 3 4 5 |  5.1
Polearms       | 1 2 3 4 5 |  5.1
Staves         | 1 2 3 4 5 |  5.1
Slings         | 1 2 3 4 5 |  5.1
Bows           | 1 2 3 4 5 |  5.1
Crossbows      | 1 2 3 4 5 |  5.1
Throwing       | 1 2 3 4 5 |  5.1
Armour         | 1 2 3 4 5 |  5.1
Dodging        | 1 2 3 4 5 |  5.1
Shields        | 1 2 3 4 5 |  5.1
Unarmed Combat | 1 2 3 4 5 |  5.1
Conjurations   | 1 2 3 4 |  4.2
Hexes          | 1 2 3 4 |  4.2
Charms         | 1 2 3 4 |  4.2
Summonings     | 1 2 3 4 |  4.2
Necromancy     | 1 2 3 4 |  4.2
Translocations | 1 2 3 4 |  4.2
Fire Magic     | 1 2 3 4 |  4.2
Ice Magic      | 1 2 3 4 |  4.2
Air Magic      | 1 2 3 4 |  4.2
Earth Magic    | 1 2 3 4 |  4.2
Poison Magic   | 1 2 3 4 |  4.2
Evocations     | 3 4 5 |  5.8
Fighting       | 5 6 7 |  7.0
Short Blades   | 5 6 7 |  7.0
Stealth        | 5 6 |  6.7

Action                   |  1- 3 |  4- 6 |  7- 9 | 10-12 || total
-------------------------+-------+-------+-------+-------++-------
Melee: Short sword       |   100 |   332 |    20 |       ||   452
       Bite              |    13 |    39 |    38 |    11 ||   101
       Flail             |       |       |   389 |    87 ||   476
Throw: Dart              |     2 |    20 |    19 |     4 ||    45
 Cast: Magic Dart        |    29 |     9 |       |       ||    38
       Blink             |       |     2 |     3 |     1 ||     6
       Mephitic Cloud    |       |       |     3 |     2 ||     5
       Petrify           |       |       |     1 |       ||     1
Invok: Curse Item        |       |       |     2 |       ||     2
  Use: Scroll            |       |     3 |       |       ||     3
       Potion            |       |       |     2 |       ||     2
 Stab: Sleeping          |     1 |     6 |    18 |     2 ||    27
       Confused          |       |       |     4 |     1 ||     5
       Petrified         |       |       |     4 |       ||     4
       Petrifying        |       |       |     1 |       ||     1
  Eat: Chunk             |     2 |     6 |     6 |     6 ||    20
       Ration            |       |     1 |     3 |       ||     4
Armor: Robe              |     4 |       |       |       ||     4
       Ring mail         |    26 |    89 |   132 |    43 ||   290
Dodge: Dodged            |    33 |    79 |   222 |    70 ||   404
Block: Shield            |    22 |   113 |    75 |       ||   210
       Buckler           |       |       |    59 |    23 ||    82
